 Dungeon Crawl Stone Soup version 0.19-a0-414-g76fec5b (webtiles) character file.

246 tyrsky the Digger (level 6, -10/32 HPs)
             Began as a Gargoyle Earth Elementalist on May 31, 2016.
             Mangled by an ogre
             ... wielding a +0 giant spiked club
              (31 damage)
             ... on level 5 of the Dungeon.
             The game lasted 00:13:39 (3871 turns).

tyrsky the Digger (Gargoyle Earth Elementalist)     Turns: 3871, Time: 00:13:40

Health: -10/32     AC:  6    Str: 12    XL:     6   Next: 11%
Magic:  6/12       EV: 12    Int: 17    God:
Gold:   151        SH:  0    Dex: 10    Spells: 3 memorised, 7 levels left

rFire  . . .     SeeInvis .     a - +1 dagger (venom)
rCold  . . .     Gourm    .     e - +0 robe
rNeg   + . .     Faith    .     (no shield)
rPois  ∞         Spirit   .     (no helmet)
rElec  +         Dismiss  .     (no cloak)
rCorr  .         Reflect  .     (no gloves)
SustAt .         Harm     .     (no boots)
MR     +....                    (no amulet)
Stlth  +++.......               s - ring of stealth
                                p - ring of protection from magic

@: about to teleport, somewhat resistant to hostile enchantments, fairly
stealthy
A: negative energy resistance 1, electricity resistance, unbreathing,
petrification resistance, rot immunity, AC +4
a: no special abilities


You were on level 5 of the Dungeon.
You were not hungry.

You visited 2 branches of the dungeon, and saw 6 of its levels.

You collected 151 gold pieces.

Inventory:

Hand Weapons
 a - a +1 dagger of venom (weapon)
 w - a +0 whip
Missiles
 b - 130 stones (quivered)
Armour
 e - a +0 robe (worn)
Jewellery
 p - a ring of protection from magic (left hand)
 s - a ring of stealth (right hand)
 x - a +2 ring of intelligence {unknown}
Scrolls
 h - 2 scrolls of remove curse
 r - a scroll of amnesia
Potions
 f - a potion of flight
 g - a potion of agility
 j - a potion of heal wounds {unknown}
 l - a potion of lignification
 t - a potion of magic
 u - a potion of mutation {unknown}
 v - a potion of cure mutation {unknown}
Books
 c - a book of Geomancy

   Spells                             Type                      Level
   a - Sandblast                      Earth                        1
   b - Passwall                       Transmutation/Earth          2
   c - Stone Arrow                    Conjuration/Earth            3
   d - Petrify                        Transmutation/Earth          4
   e - Lee's Rapid Deconstruction     Earth                        5
Comestibles
 d - a bread ration
 i - 2 fruits
 k - a meat ration
 n - a slice of pizza


   Skills:
 - Level 1.5 Dodging
 - Level 2.1 Stealth
 * Level 4.2 Spellcasting
 + Level 2.4 Conjurations
 - Level 0.7 Transmutations
 + Level 5.3 Earth Magic


You had 7 spell levels left.
You knew the following spells:

 Your Spells              Type           Power        Failure   Level  Hunger
a - Sandblast             Erth           ###...       1%          1    None
b - Stone Arrow           Conj/Erth      ###...       12%         3    ###....
c - Passwall              Tmut/Erth      ##........   10%         2    ##.....


Dungeon Overview and Level Annotations

Branches:
Dungeon (5/15)             Temple (1/1) D:4

Altars:
Cheibriados
Dithmenos
Elyvilon
Fedhas
Gozag
Hepliaklqana
Makhleb
Nemelex Xobeh
Pakellas
Ru
Trog
Uskayaw
Xom
Yredelemnul
Zin
The Shining One

Annotations:
D:3 Sigmund
D:4 exclusion: ogre


Innate Abilities, Weirdness & Mutations

You are resistant to torment.
Your stone body is resilient (AC +4).
You are immune to poison.
You resist negative energy. (rN+)
You are resistant to electric shocks. (rElec)
You can survive without breathing.
You are immune to petrification.
You are immune to rotting.


Message History

Aim: an ogre, wielding a giant spiked club The stone arrow misses the ogre.
The hound barks!
Casting: Stone Arrow
Confirm with . or Enter, or press ? or * to list all spells.
Aiming: Stone Arrow
Press: ? - help, Shift-Dir - straight line, f/p - ogre
Aim: an ogre, wielding a giant spiked club The stone arrow hits the ogre.
The ogre is moderately wounded.
The hound barely misses you.
The ogre hits you with a giant spiked club!
You slide downwards.
The hatch slams shut behind you.
Found an escape hatch in the ceiling.
Okay, then.
As you read the scroll of teleportation, it crumbles to dust.
You feel strangely unstable.
The ogre hits you with a giant spiked club!!
Ouch! That really hurt!
You die...

. ## #. #.. ..
..## .# ..# .#
#.##.#
##.#.####.#
#.O9.<....#
.....###.######
.#### .# .# ##


You could see an ogre.

Vanquished Creatures
  A giant frog skeleton (D:4)
  2 orc wizards (D:3)
  A worker ant (D:4)
  4 adders
  4 worms
  13 orcs
  11 bats
  6 giant cockroaches
  6 goblins
  7 hobgoblins
  5 jackals (D:2)
  9 kobolds
  2 quokkas (D:3)
  5 giant newts
  6 rats
82 creatures vanquished.

Notes
Turn   | Place    | Note
--------------------------------------------------------------
     0 | D:1      | tyrsky the Gargoyle Earth Elementalist began the quest for the Orb.
     0 | D:1      | Reached XP level 1. HP: 10/10 MP: 3/3
   266 | D:1      | Reached XP level 2. HP: 15/15 MP: 1/5
   349 | D:1      | Reached skill level 4 in Earth Magic
   942 | D:2      | Reached XP level 3. HP: 19/19 MP: 5/7
  1121 | D:2      | Learned a level 2 spell: Passwall
  1125 | D:2      | Learned a level 3 spell: Stone Arrow
  1668 | D:2      | Reached XP level 4. HP: 24/24 MP: 3/8
  1683 | D:2      | Reached skill level 1 in Conjurations
  1848 | D:3      | Found a shadowy altar of Dithmenos.
  1886 | D:3      | Found a faded altar of an unknown god.
  1946 | D:3      | Found a sparkling altar of Nemelex Xobeh.
  2449 | D:3      | Found a basalt altar of Yredelemnul.
  2449 | D:3      | Noticed Sigmund
  2558 | D:3      | Reached skill level 5 in Earth Magic
  2558 | D:3      | Reached XP level 5. HP: 20/28 MP: 1/10
  3043 | D:4      | Noticed an ogre
  3508 | D:4      | Found a hazy altar of Hepliaklqana.
  3554 | D:4      | Noticed an ogre
  3686 | D:4      | Reached XP level 6. HP: 32/32 MP: 5/12
  3826 | D:4      | Found a staircase to the Ecumenical Temple.
  3838 | Temple   | Entered the Ecumenical Temple
  3869 | D:5      | Entered Level 5 of the Dungeon
  3871 | D:5      | Mangled by an ogre

Vault maps used:
D:1:      minmay_arrival_shattered_statue
D:3:      yredelemnul_altar_generic, nemelex_xobeh_ov_fountains_minmay,
          overflow_temple_1_default, ecumenical_altar_1,
          kennysheep_generic_room_15, uniq_sigmund
D:4:      lemuel_coloured_pillars_altar, minmay_temple_entry_glassed_door,
          minmay_fountain_box, grunt_decor_fettered
D:5:      first_bread, trog_book
Temple:   minmay_freezing_vapour_temple_12

Skill      XL: |  1  2  3  4  5 |
---------------+----------------+-----
Earth Magic    | 4 5 |  5.3
Spellcasting   | 3 4 |  4.2
Conjurations   | 1 2 |  2.4
Dodging        | |  1.5
Stealth        | |  2.1
Transmutations | |  0.7

Action                   |  1- 3 |  4- 6 || total
-------------------------+-------+-------++-------
Melee: Dagger            |    16 |    18 ||    34
Throw: Stone             |   103 |    70 ||   173
 Cast: Sandblast         |    77 |   109 ||   186
       Stone Arrow       |       |     9 ||     9
  Use: Scroll            |       |    10 ||    10
       Potion            |       |     4 ||     4
  Eat: Chunk             |     2 |     6 ||     8
       Bread ration      |       |     1 ||     1
Armor: Robe              |    17 |    26 ||    43
Dodge: Dodged            |    33 |    50 ||    83
